 Dungeon Crawl Stone Soup version 0.28-a0-1435-g82390b3a13 (webtiles) character file.

Game seed: 6586370040186620040

146 HallandMoats the Skirmisher (level 5, -2/42 HPs)
             Began as a Demonspawn Fighter on Jan 9, 2022.
             Was a Follower of Okawaru.
             Slain by Sigmund (9 damage)
             ... on level 3 of the Dungeon.
             The game lasted 00:02:35 (2441 turns).

HallandMoats the Skirmisher (Demonspawn Fighter)    Turns: 2441, Time: 00:02:36

Health: -2/42      AC:  8    Str: 19    XL:     5   Next: 7%
Magic:  7/7        EV:  9    Int:  7    God:    Okawaru [*.....]
Gold:   74         SH:  4    Dex: 12    Spells: 4/4 levels left

rFire   + . .      SeeInvis .   d - +1 falchion (drain)
rCold   + . .      Faith    .   c - +0 buckler
rNeg    . . .      Spirit   .   b - +0 scale mail
rPois   +          Reflect  .   (helmet restricted)
rElec   .          Harm     .   i - scarf {rC+ rF+}
rCorr   .          Rampage  .   m - +1 pair of gloves
Will    .....                   (no boots)
Stlth   ..........              (no amulet)
HPRegen 0.14/turn               l - ring of poison resistance
MPRegen 0.10/turn               (no ring)

@: no status effects
A: horns 1, foul stench 1, condensation shield, dopey 1
a: Renounce Religion, Heroism


You were on level 3 of the Dungeon.
You worshipped Okawaru.
Okawaru was aware of your devotion.
You visited 1 branch of the dungeon, and saw 3 of its levels.

You collected 74 gold pieces.

Inventory:

Hand Weapons
 a - a +0 war axe
 d - a +1 falchion of draining (weapon)
Armour
 b - a +0 scale mail (worn)
 c - a +0 buckler (worn)
 i - a scarf of resistance (worn)
 m - a +1 pair of gloves (worn)
Jewellery
 l - a ring of poison resistance (left hand)
Scrolls
 f - 2 scrolls of noise {unknown}
 g - a scroll of teleportation {unknown}
 h - a scroll of identify {unknown}
Potions
 e - a potion of lignification {unknown}


   Skills:
 * Level 3.7 Fighting
 * Level 2.6 Axes
 + Level 3.1 Armour
 + Level 1.0 Dodging
 + Level 3.0 Shields
 * Level 2.8 Invocations


You had 4 spell levels left.
You didn't know any spells.
Your spell library was empty.

Dungeon Overview and Level Annotations

Branches:
Dungeon (3/15)

Altars:
Cheibriados
Okawaru

Annotations:
D:3 1 runed translucent door, Sigmund; flotson's ghost, amateur DsGl


Innate Abilities, Weirdness & Mutations

You have a pair of small horns on your head.
You may rarely emit foul miasma when damaged in melee.
A meltable shield of frost defends you. (SH +0)
You are dopey. (Int -2)


Message History

Sigmund is heavily wounded.
Sigmund casts a spell at you.
You are confused.
Sigmund drinks a potion.
Sigmund is healed!
Sigmund hits you from afar with a +0 scythe.
Sigmund casts a spell.
Sigmund flickers and vanishes!
Deactivating autopickup; reactivate with Ctrl-A.
You feel less confused. Something hits you!
You hear some strange, mumbled words.
A puff of flame appears from out of thin air!
The puff of flame hits you. You resist. Something hits you but does no damage.
You hit something but do no damage. You headbutt something.
Flotson's ghost shrieks, "What do you have that I didn't have?"
Something hits you but does no damage.
You miss something. You closely miss something.
Something completely misses you.
You barely miss something. Something hits you!
Flotson's ghost says, "What do you have that I didn't have?"
You slash something! Something hits you but does no damage.
You closely miss something.
You hear some strange, mumbled words.
A magic dart appears from out of thin air!
The magic dart hits you.
You miss something. Something hits you!
* * * LOW HITPOINT WARNING * * *
You miss something. Something hits you but does no damage.
A magic dart appears from out of thin air!
The magic dart hits you.
* * * LOW HITPOINT WARNING * * *
You hear some strange, mumbled words.
A puff of flame appears from out of thin air!
The puff of flame hits you. You resist.
* * * LOW HITPOINT WARNING * * *
It was a potion of mutation.
You feel extremely strange.
You feel stupid.
It was a potion of curing.
You feel better. Something hits you!
You die...

############# #####
#....##.....# #...##
#....##.....#######.....
#...........#...........
#....##@....#...........
###....##.....#.......####
##....................#....
#.....#........##..#.......
#.....#...#.....#..#.......
#..........................
##......#...###...#........
#.........##W##..........†
#........##...##..........


You could see flotson's ghost.

Vanquished Creatures
  Crazy Yiuf (D:2)
  Terence (D:2)
  4 adders (D:2)
  5 dart slugs
  5 endoplasms
  2 giant cockroaches (D:1)
  3 goblins
  2 hobgoblins (D:1)
  4 kobolds
  A quokka (D:2)
  10 ball pythons
  A bat (D:1)
  4 frilled lizards
  9 rats
52 creatures vanquished.

Vanquished Creatures (others)
  A plant (D:1)
1 creature vanquished.

Grand Total: 53 creatures vanquished

Notes
Turn   | Place    | Note
-------+----------+-------------------------------------------
     0 | D:1      | HallandMoats the Demonspawn Fighter began the quest for the
                  | Orb.
     0 | D:1      | Reached XP level 1. HP: 18/18 MP: 1/1
    12 | D:1      | Found a faded altar of an unknown god.
    27 | D:1      | Prayed at the altar of an unknown god.
    27 | D:1      | Became a worshipper of Warmaster Okawaru
    27 | D:1      | Reached * piety under Okawaru
   357 | D:1      | Gained mutation: A meltable shield of frost defends you.
                  | (SH +0) [demonic ancestry]
   357 | D:1      | Reached XP level 2. HP: 23/24 MP: 2/2
   462 | D:1      | Reached skill level 1 in Invocations
  1100 | D:1      | Gained mutation: You may rarely emit foul miasma when
                  | damaged in melee. [demonic ancestry]
  1100 | D:1      | Reached XP level 3. HP: 29/29 MP: 3/3
  1334 | D:2      | Found a runed translucent door.
  1335 | D:2      | Noticed Crazy Yiuf
  1433 | D:2      | Noticed Terence
  1440 | D:2      | Killed Terence
  1441 | D:2      | Gained mutation: You have a pair of small horns on your
                  | head. [demonic ancestry]
  1441 | D:2      | Reached XP level 4. HP: 30/35 MP: 2/5
  1603 | D:2      | Found a snail-covered altar of Cheibriados.
  2208 | D:2      | Killed Crazy Yiuf
  2209 | D:2      | Reached XP level 5. HP: 36/42 MP: 3/7
  2358 | D:3      | Reached skill level 1 in Dodging
  2382 | D:3      | Found a runed translucent door.
  2393 | D:3      | Noticed flotson's ghost (amateur DsGl)
  2405 | D:3      | Noticed Sigmund
  2438 | D:3      | HP: 2/42 [something/puff of flame (3)]
  2440 | D:3      | Gained mutation: You are dopey. (Int -2) [potion of
                  | mutation]
  2441 | D:3      | Slain by Sigmund

Illustrated notes

Levels and vault maps discovered:
D:1:      dpeg_arrival_simpleton_b, layout_basic,
          dreamdust_ecumenical_altar_grove
D:2:      layout_basic, basic_altar, uniq_terence, uniq_crazy_yiuf_cottage
D:3:      layout_basic, hellmonk_ghost_happy_afterlife, serial_park_tiny_1,
          chequers_avenue, grunt_ministairs_8, uniq_sigmund, uniq_pargi,
          uniq_natasha

Skill      XL: |  1  2  3  4  5 |
---------------+----------------+-----
Axes           | 2 |  2.6
Invocations    | 1 2 |  2.8
Armour         | 3 |  3.1
Shields        | 3 |  3.0
Dodging        | 1 |  1.0
Fighting       | |  3.7

Action                   |  1- 3 |  4- 6 || total
-------------------------+-------+-------++-------
Melee: War axe           |    88 |       ||    88
       Falchion          |       |    74 ||    74
       Headbutt          |       |    11 ||    11
Invok: Heroism           |     1 |     1 ||     2
  Use: Potion            |     1 |     2 ||     3
Armor: Scale mail        |    35 |    28 ||    63
Dodge: Dodged            |    30 |    24 ||    54
Block: Buckler           |    44 |    26 ||    70

Table legend: (Time is in decaauts)
 A = Elapsed time spent in this place.
 B = Non-inter-level travel time spent in this place.
 C = Inter-level travel time spent in this place.
 D = Time resting spent in this place.
 E = Time spent auto-exploring this place.
 F = Levels seen in this place.
 G = Mean time per level.
                   A        B        C        D        E       F      G
               +--------+--------+--------+--------+--------+-----+--------+
         Total |   2501 |   2425 |     76 |    149 |   1778 |   3 |  833.7 |
       Dungeon |   2501 |   2425 |     76 |    149 |   1778 |   3 |  833.7 |
               +--------+--------+--------+--------+--------+-----+--------+

Top non-repeatable levels by time:
     D:1: 1169 daAuts
     D:2: 1152 daAuts
     D:3: 179 daAuts
